Map: Eternal Empire LE

Players

BEASTMODE - Winner!

  • Race: Terran Terran
  • Spawn Location: 7:00

BedTyme

  • Race: Zerg Zerg
  • League: Gold
  • Spawn Location: 1:00

VOD

Have the link to the VOD?

Description

Time

  • Played on: Aug. 4, 2020, 1:20 a.m.
  • Length: 19:29
Show
View Real Time Build Order
Export as new Build Order

BEASTMODE Terran - Winner!

Build Orders:  

Get SALT Encoding   

  12  0:00  SCV  
  13  0:12  SCV  
  14  0:21  Supply Depot  
  14  0:24  SCV  
  15  0:41  Refinery  
  15  0:44  Barracks  
  15  0:46  SCV  
  16  0:58  SCV  
  17  1:10  SCV  
  18  1:23  SCV  
  19  1:33  Reaper, Supply Depot  
  19  1:36  SCV  
  21  1:47  Command Center  
  21  1:50  SCV  
  22  1:58  Refinery  
  22  2:09  Factory  
  22  2:12  Marine  
  22  2:15  SCV  
  24  2:27  SCV  
  25  2:39  SCV  
  26  2:51  SCV  
  26  2:55  Engineering Bay  
  28  3:21  Planetary Fortress  
  28  3:25  Command Center  
  27  3:31  Planetary Fortress  
  27  3:51  Hellion  
  29  3:59  Command Center  
  29  4:05  SCV, Factory  
  30  4:15  SCV  
  31  4:17  SCV  
  31  4:23  Supply Depot  
  32  4:27  SCV  
  33  4:32  Supply Depot  
  33  4:39  SCV  
  34  4:59  Factory Tech Lab x2  
  34  5:02  SCV  
  34  5:06  Planetary Fortress  
  35  5:10  SCV  
  36  5:22  SCV, Cyclone x2  
  43  5:34  Planetary Fortress  
  43  5:35  SCV  
  44  5:36  SCV  
  44  5:42  Refinery x2  
  45  5:47  SCV  
  45  5:48  SCV  
  47  5:59  SCV  
  47  6:00  SCV  
  48  6:06  Cyclone  
  48  6:09  Cyclone  
  48  6:11  SCV  
  54  6:18  SCV  
  54  6:20  SCV  
  54  6:23  SCV  
  56  6:30  SCV x2  
  56  6:32  SCV  
  59  6:35  SCV  
  60  6:40  Cyclone  
  60  6:41  Cyclone  
  60  6:42  SCV  
  60  6:43  SCV  
  60  6:44  SCV  
  69  6:47  SCV  
  69  6:49  Refinery  
  69  6:53  Refinery  
  70  6:54  SCV  
  70  6:55  SCV  
  72  7:07  SCV  
  73  7:09  SCV  
  73  7:12  Missile Turret  
  73  7:13  Missile Turret  
  74  7:15  Missile Turret  
  74  7:16  Missile Turret  
  74  7:17  Missile Turret  
  74  7:19  SCV  
  74  7:20  Missile Turret  
  74  7:21  SCV  
  76  7:22  Missile Turret  
  76  7:23  Cyclone x2  
  76  7:27  Mag-Field Accelerator, Infernal Pre-Igniter  
  82  7:31  SCV  
  83  7:37  Refinery  
  83  7:38  Refinery  
  83  7:40  Supply Depot  
  83  7:43  SCV, Missile Turret  
  84  7:52  Barracks  
  84  7:55  SCV, Barracks  
  84  7:58  Barracks  
  85  8:05  Cyclone  
  88  8:06  Cyclone  
  88  8:07  SCV  
  92  8:17  SCV  
  92  8:19  SCV  
  94  8:25  Supply Depot  
  94  8:29  SCV  
  94  8:31  SCV  
  96  8:37  Armory  
  96  8:39  Cyclone  
  99  8:42  SCV  
  99  8:47  SCV, Cyclone  
  104  8:52  Supply Depot x2  
  104  8:53  Supply Depot  
  104  8:54  SCV  
  105  8:59  SCV  
  105  9:01  Barracks Tech Lab x2  
  106  9:06  SCV  
  106  9:08  Barracks  
  107  9:11  SCV  
  107  9:12  Barracks  
  107  9:14  Barracks  
  108  9:18  SCV  
  108  9:19  Neosteel Armor  
  108  9:23  SCV, Supply Depot  
  110  9:26  SCV  
  110  9:27  Supply Depot  
  110  9:30  SCV  
  112  9:35  SCV, Missile Turret  
  112  9:36  Missile Turret  
  113  9:38  SCV  
  113  9:42  SCV, Missile Turret  
  115  9:48  SCV  
  115  9:50  Supply Depot  
  115  9:51  SCV  
  117  9:54  SCV  
  118  10:00  SCV  
  118  10:01  Factory  
  118  10:02  Factory  
  119  10:07  Starport  
  119  10:09  Factory  
  119  10:11  Factory  
  119  10:14  Ghost Academy  
  119  10:16  Ghost Academy  
  119  10:27  Sensor Tower  
  119  10:31  Sensor Tower  
  119  10:44  Ghost x2  
  119  10:47  Personal Cloaking  
  119  10:48  Nuke  
  123  10:56  Ghost Academy  
  123  10:57  SCV  
  123  10:58  Ghost Academy  
  123  10:59  Factory Tech Lab, Hi-Sec Auto Tracking  
  123  11:00  Factory Tech Lab x3  
  124  11:06  Starport, Starport Reactor  
  124  11:17  Barracks  
  124  11:29  Widow Mine x6  
  124  11:30  Drilling Claws  
  124  11:32  Nuke  
  136  11:33  Nuke  
  136  11:48  Supply Depot x2  
  136  11:49  Starport Reactor  
  136  11:50  Widow Mine x2  
  136  11:51  Widow Mine x3  
  146  12:13  Nuke  
  146  12:16  Ghost  
  130  12:53  Widow Mine  
  130  12:54  Widow Mine x4  
  104  13:15  Widow Mine x5  
  91  13:36  Widow Mine x3, Cyclone  
  91  13:37  Widow Mine x2  
  90  13:56  Nuke  
  90  13:57  Widow Mine, Nuke x2  
  90  13:58  Widow Mine, Cyclone x3  
  90  13:59  Viking x4  
  111  14:10  Barracks Tech Lab  
  111  14:14  Command Center  
  111  14:16  Cyclone  
  114  14:18  Cyclone  
  114  14:19  Cyclone  
  120  14:29  Viking x4  
  120  14:30  Cyclone x3  
  137  14:48  Nuke x2  
  137  14:51  Cyclone x2  
  143  14:59  Viking x3  
  149  15:02  Cyclone x2  
  155  15:17  Command Center  
  155  15:20  Ghost  
  157  15:23  Nuke x2  
  157  15:26  Cyclone  
  157  15:27  Widow Mine x2  
  162  15:34  Widow Mine  
  164  15:43  Command Center  
  164  15:48  Widow Mine x2  
  168  16:21  Nuke x3  
  168  16:29  Thor x3  
  186  16:36  Thor  
  187  16:48  Nuke  
  187  16:51  Planetary Fortress  
  187  16:55  Planetary Fortress, Thor  
  193  17:02  Missile Turret x2  
  193  17:03  Missile Turret  
  193  17:05  Missile Turret  
  193  17:06  Missile Turret  
  193  17:11  Thor  
  197  17:23  Missile Turret  
  197  17:28  Ghost  
  199  17:43  Missile Turret  
  168  18:14  Viking x3  
  168  18:15  Viking  
  173  18:22  Thor x2  
  173  18:23  Thor x2  
  197  18:39  Ghost  
  199  18:44  Viking  
Show
View Real Time Build Order
Export as new Build Order

BedTyme Zerg 

Build Orders: Hatch First, Muta Ling Bane 

Get SALT Encoding   

  12  0:01  Drone  
  13  0:12  Overlord  
  13  0:16  Drone  
  14  0:30  Drone x2  
  16  0:39  Drone  
  17  0:45  Drone  
  18  0:58  Hatchery  
  18  1:00  Drone  
  18  1:04  Extractor  
  17  1:06  Drone  
  18  1:19  Spawning Pool  
  18  1:22  Drone  
  18  1:29  Drone  
  19  1:38  Drone  
  20  1:49  Drone  
  21  2:00  Drone  
  22  2:09  Queen x2  
  22  2:12  Metabolic Boost  
  22  2:14  Zergling x2  
  22  2:15  Zergling x2  
  28  2:20  Overlord  
  28  2:25  Extractor, Drone  
  28  2:38  Drone  
  28  2:41  Drone  
  30  3:01  Drone x2  
  31  3:13  Drone x4  
  35  3:21  Overlord  
  35  3:39  Queen x2  
  35  3:40  Zergling x6  
  35  3:41  Zergling x2  
  43  3:53  Baneling Nest  
  43  3:54  Drone  
  43  4:21  Overlord x4  
  43  4:28  Lair  
  43  4:37  Extractor, Drone  
  43  4:42  Overlord  
  43  4:46  Drone x7  
  50  5:08  Drone  
  50  5:09  Drone x2  
  50  5:10  Drone x2  
  50  5:13  Evolution Chamber  
  54  5:15  Drone  
  54  5:16  Drone x3  
  58  5:23  Zergling x4  
  58  5:24  Zergling x4  
  62  5:33  Extractor  
  61  5:40  Evolution Chamber  
  60  5:45  Centrifical Hooks, Spire  
  60  5:47  Zergling x8  
  60  5:48  Zergling x6  
  66  6:02  Hatchery  
  65  6:15  Zerg Melee Weapons Level 1  
  65  6:16  Zerg Ground Armor Level 1  
  66  6:18  Zergling x2  
  66  6:19  Zergling x12  
  72  7:06  Mutalisk  
  74  7:09  Overlord x3  
  74  7:11  Pneumatized Carapace  
  74  7:14  Mutalisk x3  
  80  7:29  Drone x2  
  82  7:30  Mutalisk  
  82  7:31  Mutalisk x5  
  94  7:38  Drone  
  95  7:48  Zerg Flyer Weapons Level 1  
  95  7:50  Drone x3  
  98  7:52  Overseer  
  98  7:53  Overseer x2  
  98  7:54  Mutalisk  
  98  7:55  Mutalisk x2  
  104  8:02  Drone  
  104  8:04  Overlord x3  
  105  8:29  Zergling x22  
  105  8:30  Zergling x8  
  105  8:31  Baneling  
  105  8:32  Baneling x17  
  120  8:35  Drone  
  121  9:02  Zerg Melee Weapons Level 2  
  121  9:05  Drone x5  
  121  9:06  Drone x3  
  121  9:07  Overlord  
  121  9:08  Overlord x2  
  129  9:12  Extractor  
  128  9:20  Zergling x2  
  128  9:21  Overlord x2  
  128  9:22  Overlord  
  129  9:29  Extractor  
  128  9:48  Mutalisk  
  128  9:49  Mutalisk x6  
  128  9:50  Zergling x2  
  128  9:51  Zergling x6  
  146  9:58  Zergling x8  
  150  10:05  Hatchery  
  149  10:07  Queen  
  151  10:27  Mutalisk  
  151  10:28  Mutalisk x5  
  157  10:29  Zergling x10  
  157  10:31  Baneling  
  157  10:32  Baneling x3  
  157  10:33  Baneling  
  168  10:44  Zergling x2  
  168  10:45  Zergling x16  
  168  10:48  Overlord  
  177  10:55  Zerg Flyer Weapons Level 2  
  177  10:59  Zerg Ground Armor Level 2  
  177  11:07  Baneling x6  
  177  11:10  Zergling x12  
  183  11:12  Overlord  
  183  11:13  Overlord x2  
  183  11:20  Drone  
  184  11:30  Mutalisk  
  184  11:31  Mutalisk x3  
  192  11:34  Zergling x4  
  192  11:35  Zergling x6  
  192  11:37  Zergling x4  
  199  11:48  Infestation Pit  
  198  11:58  Drone x2, Unknown  
  144  13:12  Zergling x2  
  144  13:13  Zergling x32  
  144  13:14  Zergling x8  
  145  13:39  Zergling x2  
  145  13:40  Zergling x18  
  110  13:55  Drone  
  110  13:56  Drone x5  
  116  14:04  Mutalisk  
  116  14:05  Mutalisk x10  
  116  14:09  Hive  
  138  14:11  Zergling x6  
  138  14:13  Baneling  
  138  14:14  Baneling x15  
  141  14:33  Hatchery  
  140  14:51  Mutalisk x5  
  140  14:52  Mutalisk x10  
  105  15:12  Mutalisk x2  
  105  15:13  Mutalisk  
  111  15:26  Zergling x2  
  111  15:27  Zergling x10  
  117  15:39  Zergling x24  
  117  15:40  Zergling x10  
  134  15:59  Zergling x4  
  134  16:00  Zergling x6  
  143  16:10  Zergling x2  
  143  16:11  Zergling x4  
  146  16:12  Baneling  
  146  16:13  Baneling x6  
  135  16:21  Zergling x6  
  139  16:27  Ultralisk Cavern  
  107  16:45  Zergling x2  
  107  16:46  Hatchery, Zergling x16  
  112  17:00  Overseer x2  
  111  17:04  Zergling x6  
  111  17:05  Zergling x2  
  115  17:09  Baneling x2  
  115  17:10  Baneling x10  
  115  17:18  Chitinous Plating  
  115  17:20  Ultralisk  
  115  17:21  Ultralisk x3  
  139  17:46  Zergling x4  
  139  17:47  Zergling x6  
  145  17:51  Drone  
  143  18:22  Hatchery  
  143  18:26  Zergling x2  
  143  18:27  Zergling x4  
Tags
 
Composition
Muta Ling Bane
League
Gold
Matchup
TvZ
Spawn Locations
Cross Positions
Add a new tag
Caveats
  • Supply blocks, unpowered buildings, or Contaminate may cause inaccurate times.
  • Supply counts are checked every 10 seconds.